 Dungeon Crawl Stone Soup version 0.32-a0-520-g344ed53f66 (webtiles) character file.

Game seed: 333867417705518175

231 lunkers the Firebug (level 5, -1/38 HPs)
             Began as a Mountain Dwarf Fire Elementalist on Feb 27, 2024.
             Slain by a gnoll sergeant
             ... wielding a +5 spear of flaming
              (7 damage)
             ... on level 4 of the Dungeon.
             The game lasted 00:04:22 (3358 turns).

lunkers the Firebug (MDFE)                          Turns: 3358, Time: 00:04:23

Health: -1/38      AC:  6    Str: 10    XL:     5   Next: 72%
Magic:  5/16       EV: 10    Int: 18    God:
Gold:   299        SH:  5    Dex: 15    Spells: 4/7 levels left

rFire   . . .        a - +7 falchion of Orghelad {freeze, MP+9 Dex+5}
rCold   + . .        (no shield)
rNeg    . . .        g - +0 ring mail
rPois   .            (no helmet)
rElec   .            k - +0 cloak
rCorr   .            (no gloves)
SInv    .            (no boots)
Will    .....        p - amulet of reflection
Stlth   +            d - ring of protection from cold
HPRegen 0.26/turn    (no ring)
MPRegen 0.15/turn

%: reflection
@: no status effects
A: runic magic, artefact enchanting
a: no special abilities


You were on level 4 of the Dungeon.
You visited 1 branch of the dungeon, and saw 4 of its levels.

You collected 299 gold pieces.

Inventory:

Hand Weapons
 a - the +7 falchion of Orghelad (weapon) {freeze, MP+9 Dex+5}
   (You found it on level 2 of the Dungeon)

   Dex+5:     It affects your dexterity (+5).
   MP+9:      It affects your magic capacity (+9).
 i - a +0 dagger
 r - a +0 vampiric dagger
Missiles
 c - a throwing net
Armour
 g - a +0 ring mail (worn)
 k - a +0 cloak (worn)
Jewellery
 d - a ring of protection from cold (left hand)
 p - an amulet of reflection (around neck)
Wands
 q - a wand of flame (24)
Scrolls
 e - a scroll of teleportation {unknown}
 l - a scroll of enchant armour {unknown}
 m - a scroll of fear {unknown}
 o - a scroll of blinking {unknown}
 u - a scroll of revelation {unknown}
 v - 2 scrolls of immolation
 x - a scroll of poison {unknown}
Potions
 b - a potion of magic
 f - 2 potions of heal wounds
 h - 2 potions of curing
 j - a potion of invisibility {unknown}
 n - a potion of cancellation {unknown}
 s - a potion of mutation {unknown}
 t - a potion of haste {unknown}
 w - 2 potions of might


   Skills:
 - Level 1.3 Dodging
 - Level 1.4 Stealth
 - Level 1.7 Spellcasting
 - Level 0.8 Conjurations
 * Level 7.9 Fire Magic


You had 4 spell levels left.
You knew the following spells:

 Your Spells              Type           Power      Damage    Failure   Level
b - Scorch                Fire           60%        2d7       1%          2
p - Foxfire               Conj/Fire      68%        2x1d7     4%          1

Your spell library contained the following spells:

 Spells                   Type           Power      Damage    Failure   Level
 Inner Flame              Hex/Fire       15%        N/A       14%         3
 Volatile Blastmotes      Fire/Tloc      30%        2d12      14%         3
 Sting                    Conj/Alch      12%        1d3       21%         1
 Apportation              Tloc           2%         N/A       24%         1
 Necrotise                Necr           4%         1d4       24%         1
 Summon Small Mammal      Summ           4%         N/A       24%         1
 Flame Wave               Conj/Fire      17%        2d7       36%         4


Dungeon Overview and Level Annotations

Branches:
Dungeon (4/15)
 Temple: D:4-7

Altars:
Fedhas
Gozag
Nemelex Xobeh
Xom


Innate Abilities, Weirdness & Mutations

Your spellcasting is much less encumbered by armour.
You can use scrolls of enchantment on lesser artefacts.


Message History

The foxfire hits the gnoll sergeant.
The gnoll sergeant is moderately wounded.
You conjure some foxfire!
The gnoll sergeant hits you from afar with a +5 spear of flaming!
The gnoll sergeant burns you.
You conjure some foxfire!
The gnoll sergeant hits you from afar with a +5 spear of flaming.
The gnoll sergeant burns you.
You conjure some foxfire!
The foxfire hits the gnoll sergeant but does no damage.
The gnoll sergeant is moderately wounded.
The foxfire hits the gnoll sergeant.
The gnoll sergeant is heavily wounded.
The foxfire hits the gnoll sergeant but does no damage.
The gnoll sergeant is heavily wounded.
The foxfire hits the gnoll sergeant but does no damage.
The gnoll sergeant is heavily wounded.
You block the gnoll sergeant's attack.
You conjure some foxfire!
The gnoll sergeant hits you from afar with a +5 spear of flaming.
* * * LOW HITPOINT WARNING * * *
The gnoll sergeant burns you.
* * * LOW HITPOINT WARNING * * *
Casting: Foxfire (safe; 4% risk of failure)
Confirm with . or Enter, or press ? or * to list all spells.
Flames lash the gnoll sergeant.
The gnoll sergeant is severely wounded.
The gnoll sergeant's fire resistance burns away.
The foxfire hits the gnoll sergeant but does no damage.
The gnoll sergeant is severely wounded.
The foxfire hits the gnoll sergeant but does no damage.
The gnoll sergeant is severely wounded.
The foxfire hits the gnoll sergeant but does no damage.
The gnoll sergeant is severely wounded.
The foxfire hits the gnoll sergeant.
The gnoll sergeant is burned terribly!
The gnoll sergeant is almost dead.
The gnoll sergeant hits you from afar with a +5 spear of flaming!
* * * LOW HITPOINT WARNING * * *
The gnoll sergeant burns you!
You die...

#..#..># ..## . #..#....
..# .. #..##..## .# ...
#..###+###### ...)
#......#....##### ....g
#......#....#...##
....gg#####'##....#....#
#g.§§........#....#
#.)@§....#####....#
#..§§....#..#.....#
#........#..#.....#
#........'..#..<..#
#........#..'.....#
#........##########
##########


You could see a gnoll sergeant (combustible) and 3 gnolls.

Vanquished Creatures
  Natasha (thrice) (D:2)
  An orc wizard (D:3)
  2 gnolls (D:4)
  3 adders
  4 dart slugs
  2 ribbon worms (D:2)
  5 orcs
  2 bats
  8 endoplasms
  2 giant cockroaches
  5 goblins
  9 hobgoblins
  A jackal (D:2)
  4 kobolds
  4 quokkas
  7 ball pythons
  3 frilled lizards
  2 rats (D:3)
67 creatures vanquished.

Vanquished Creatures (others)
  219 foxfires
219 creatures vanquished.

Grand Total: 286 creatures vanquished

Notes
Turn   | Place    | Note
-------+----------+-------------------------------------------
     0 | D:1      | lunkers the Mountain Dwarf Fire Elementalist began the
                  | quest for the Orb.
     0 | D:1      | Reached XP level 1. HP: 14/14 MP: 3/3
   148 | D:1      | Reached skill level 4 in Fire Magic
   214 | D:1      | Reached XP level 2. HP: 15/20 MP: 0/4
   408 | D:1      | Learned a level 2 spell: Scorch
   555 | D:1      | Reached skill level 5 in Fire Magic
   692 | D:1      | Reached XP level 3. HP: 26/26 MP: 2/5
   919 | D:2      | Found a shimmering altar of Xom.
  1432 | D:2      | Noticed Natasha
  1458 | D:2      | Killed Natasha
  1596 | D:2      | Reached XP level 4. HP: 33/33 MP: 2/6
  1688 | D:2      | Identified the +7 falchion of Orghelad {freeze, MP+9 Dex+5}
  1742 | D:2      | Reached skill level 6 in Fire Magic
  2102 | D:2      | Noticed Natasha
  2107 | D:2      | Killed Natasha
  2218 | D:2      | Noticed Natasha
  2225 | D:2      | Killed Natasha
  2344 | D:3      | Reached XP level 5. HP: 36/38 MP: 7/7
  2420 | D:3      | Reached skill level 7 in Fire Magic
  2445 | D:3      | Found a sparkling altar of Nemelex Xobeh.
  2649 | D:3      | Found a blossoming altar of Fedhas.
  2952 | D:4      | Found an opulent altar of Gozag.
  3358 | D:4      | Slain by a gnoll sergeant

Illustrated notes

Levels and vault maps discovered:
D:1:      lightli_iron_boxes, layout_rooms, minmay_gold_behind_fungi
D:2:      layout_loops_corners, basic_altar, minmay_circle_x, uniq_natasha
D:3:      layout_rooms, lemuel_crystal_altar, fedhas_altar_3
D:4:      layout_gridville, nicolae_gozag_seed_capital,
          mainiacjoe_overflow_concentric_impassable, temple_fountains,
          serial_shops, nicolae_shop_tiny_real_fake_doors

Skill      XL: |  1  2  3  4  5 |
---------------+----------------+-----
Fire Magic     | 4 5 6 7 |  7.9
Dodging        | |  1.3
Stealth        | |  1.4
Spellcasting   | |  1.7
Conjurations   | |  0.8

Action                     |  1- 3 |  4- 6 || total
---------------------------+-------+-------++-------
  Melee: Unarmed           |    29 |       ||    29
         Dagger            |    24 |       ||    24
         Falchion          |       |    15 ||    15
   Cast: Foxfire           |    55 |    73 ||   128
         Scorch            |     1 |     6 ||     7
    Use: Scroll            |     3 |     1 ||     4
 Armour: Robe              |     7 |       ||     7
         Ring mail         |    33 |    19 ||    52
  Dodge: Dodged            |    34 |    12 ||    46
         Repelled          |     3 |     1 ||     4
  Block: Other             |       |     1 ||     1

Table legend: (Time is in decaauts)
 A = Elapsed time spent in this place.
 B = Non-inter-level travel time spent in this place.
 C = Inter-level travel time spent in this place.
 D = Time resting spent in this place.
 E = Time spent auto-exploring this place.
 F = Levels seen in this place.
 G = Mean time per level.
                   A        B        C        D        E       F      G
               +--------+--------+--------+--------+--------+-----+--------+
         Total |   3365 |   3217 |    148 |      0 |   2730 |   4 |  841.2 |
       Dungeon |   3365 |   3217 |    148 |      0 |   2730 |   4 |  841.2 |
               +--------+--------+--------+--------+--------+-----+--------+

Top non-repeatable levels by time:
     D:2: 1457 daAuts
     D:1: 876 daAuts
     D:3: 581 daAuts
     D:4: 450 daAuts
